[Event "WSTCC-50 2020"]
[Site "Prague"]
[Date "2020.03.10"]
[Round "5.23"]
[White "Koganov, Mikhail"]
[Black "Bogumil, Tatiana"]
[Result "1/2-1/2"]
[ECO "A05"]
[WhiteElo "2085"]
[BlackElo "2182"]
[Annotator "ChessBase"]
[PlyCount "54"]
[EventDate "2020.03.06"]
[EventType "team-tourn"]
[EventCountry "CZE"]
[SourceTitle "playchess.com"]
[Source "ChessBase"]
[SourceQuality "1"]
[TimeControl "40/5400+30:1800+30"]

1. Nf3 Nf6 2. c4 b6 3. g3 Bb7 4. Bg2 g6 5. Nc3 Bg7 6. d4 Ne4 7. Nxe4 Bxe4 8. O-O O-O 9. Be3 d6 10. Qd2 Nd7 11. Bh6 c5 12. Bxg7 Kxg7 13. Qc3 Kg8 14. Rad1 cxd4 15. Rxd4 Nf6 16. Qe3 Bxf3 17. Bxf3 Rc8 18. Rfd1 Kg7 19. Rh4 Rh8 20. Qh6+ Kg8 21. b3 Qf8 22. Qe3 h6 23. Rhd4 Kg7 24. Bd5 Rc7 25. a4 Qc8 26. Bg2 Qf5 27. Qd3 Qxd3 1/2-1/2

[Event "WSTCC-50 2020"]
[Site "Prague"]
[Date "2020.03.10"]
[Round "5.24"]
[White "Fatalibekova, Elena"]
[Black "Leverett, Bruce"]
[Result "1/2-1/2"]
[ECO "C41"]
[WhiteElo "2158"]
[BlackElo "2264"]
[Annotator "ChessBase"]
[PlyCount "74"]
[EventDate "2020.03.06"]
[EventType "team-tourn"]
[EventCountry "CZE"]
[SourceTitle "playchess.com"]
[Source "ChessBase"]
[SourceQuality "1"]
[TimeControl "40/5400+30:1800+30"]

1. e4 d6 2. d4 Nf6 3. Nc3 e5 4. Nf3 Nbd7 5. g3 Be7 6. Bg2 O-O 7. O-O c6 8. a4 b6 9. b3 Bb7 10. Bb2 Qc7 11. Re1 Rfe8 12. Qd2 a6 13. d5 cxd5 14. Nxd5 Nxd5 15. exd5 Rac8 16. Bh3 Rb8 17. Bf1 Nf6 18. c4 Bc8 19. h3 Nd7 20. b4 a5 21. bxa5 bxa5 22. Bc3 Nc5 23. Rab1 Bf5 24. Rb5 Ne4 25. Qe3 Nxc3 26. Qxc3 Ra8 27. c5 dxc5 28. Qxe5 Qxe5 29. Rxe5 Bd7 30. Rb7 Bd6 31. Rxe8+ Bxe8 32. Bb5 Bxb5 33. Rxb5 c4 34. Rb6 Bb4 35. Rc6 c3 36. Nd4 Rd8 37. Nb5 Kf8 1/2-1/2

[Event "WSTCC-50 2020"]
[Site "Prague"]
[Date "2020.03.10"]
[Round "5.27"]
[White "Ernst, Michael"]
[Black "Gislason, Gudmundur"]
[Result "0-1"]
[ECO "A48"]
[WhiteElo "2155"]
[BlackElo "2322"]
[Annotator "ChessBase"]
[PlyCount "74"]
[EventDate "2020.03.06"]
[EventType "team-tourn"]
[EventCountry "CZE"]
[SourceTitle "playchess.com"]
[Source "ChessBase"]
[SourceQuality "1"]
[TimeControl "40/5400+30:1800+30"]

1. d4 Nf6 2. Bf4 g6 3. Nf3 Bg7 4. h3 c5 5. e3 Qb6 6. Nc3 O-O 7. Rb1 Qa5 8. Qd2 d6 9. Be2 Nc6 10. O-O a6 11. a3 b5 12. Rfd1 b4 13. Na2 Be6 14. c4 Bf5 15. Ra1 Ne4 16. Qc1 bxa3 17. bxa3 e5 18. dxe5 dxe5 19. Bh2 Rfd8 20. Rd5 Be6 21. Rxd8+ Rxd8 22. Qc2 f5 23. Rd1 Rxd1+ 24. Qxd1 Qxa3 25. Qc2 h6 26. Nd2 Nb4 27. Nxb4 cxb4 28. Nxe4 fxe4 29. Bg3 b3 30. Qxe4 b2 31. Bd3 Bf5 32. Qd5+ Kh7 33. e4 Be6 34. Qb7 Qxd3 35. Qxb2 Qxe4 36. c5 Bd5 37. f3 Qd4+ 0-1

[Event "WSTCC-50 2020"]
[Site "Prague"]
[Date "2020.03.10"]
[Round "5.28"]
[White "Karlsson, Agust S"]
[Black "Kranzl, Peter"]
[Result "1/2-1/2"]
[ECO "A49"]
[WhiteElo "2268"]
[BlackElo "2153"]
[Annotator "ChessBase"]
[PlyCount "81"]
[EventDate "2020.03.06"]
[EventType "team-tourn"]
[EventCountry "CZE"]
[SourceTitle "playchess.com"]
[Source "ChessBase"]
[SourceQuality "1"]
[TimeControl "40/5400+30:1800+30"]

1. d4 Nf6 2. Nf3 g6 3. g3 Bg7 4. Bg2 O-O 5. O-O d6 6. b3 c6 7. Bb2 Qa5 8. h3 Qh5 9. g4 Qa5 10. Qe1 Qxe1 11. Rxe1 h5 12. g5 Ne4 13. Nbd2 Bf5 14. Rad1 Na6 15. c3 Nc7 16. Bf1 d5 17. Nxe4 dxe4 18. Nh4 Be6 19. Bg2 a5 20. Ba3 Rfe8 21. c4 a4 22. Bc5 Ra6 23. e3 b6 24. Bb4 axb3 25. axb3 b5 26. Rc1 bxc4 27. bxc4 Ra4 28. Bc5 Rxc4 29. Bxe4 Rxc1 30. Rxc1 Bd7 31. f4 Nd5 32. f5 gxf5 33. Bxf5 e6 34. Be4 Nxe3 35. Bf3 e5 36. g6 fxg6 37. dxe5 Rxe5 38. Nxg6 Rg5+ 39. Kf2 Rxg6 40. Bxe3 Bxh3 41. Rxc6 1/2-1/2

[Event "WSTCC-50 2020"]
[Site "Prague"]
[Date "2020.03.10"]
[Round "5.31"]
[White "Maier, Christian"]
[Black "Grant, Jonathan I M"]
[Result "1/2-1/2"]
[ECO "B12"]
[WhiteElo "2294"]
[BlackElo "2166"]
[Annotator "ChessBase"]
[PlyCount "80"]
[EventDate "2020.03.06"]
[EventType "team-tourn"]
[EventCountry "CZE"]
[SourceTitle "playchess.com"]
[Source "ChessBase"]
[SourceQuality "1"]
[TimeControl "40/5400+30:1800+30"]

1. e4 c6 2. d4 d5 3. e5 Bf5 4. Nf3 e6 5. Be2 Nd7 6. O-O h6 7. b3 Ne7 8. c4 Nc8 9. h3 Be7 10. cxd5 cxd5 11. Nc3 Bb4 12. Bb2 O-O 13. Bd3 Ne7 14. Ne2 Bxd3 15. Qxd3 Nc6 16. Nf4 Rc8 17. a3 Be7 18. Rfe1 a5 19. Nh5 a4 20. b4 Bxb4 21. axb4 Nxb4 22. Qb5 Nc2 23. Qxa4 Nxa1 24. Qxa1 Qb6 25. Ba3 Ra8 26. Qc1 Rfc8 27. Qe3 Qa5 28. Bd6 Rc3 29. Qd2 Rb3 30. Qxa5 Rxa5 31. Rc1 Ra8 32. Rc7 Nf8 33. h4 b5 34. Rb7 Ng6 35. Kh2 Rb2 36. Kg3 Raa2 37. Rb8+ Kh7 38. Rb7 Kg8 39. Rb8+ Kh7 40. Rb7 Kg8 1/2-1/2

[Event "WSTCC-50 2020"]
[Site "Prague"]
[Date "2020.03.10"]
[Round "5.33"]
[White "Jackson, Sheila"]
[Black "Kozak, Milos"]
[Result "1/2-1/2"]
[ECO "B19"]
[WhiteElo "2085"]
[BlackElo "2174"]
[Annotator "ChessBase"]
[PlyCount "31"]
[EventDate "2020.03.06"]
[EventType "team-tourn"]
[EventCountry "CZE"]
[SourceTitle "playchess.com"]
[Source "ChessBase"]
[SourceQuality "1"]
[TimeControl "40/5400+30:1800+30"]

1. e4 c6 2. d4 d5 3. Nc3 dxe4 4. Nxe4 Bf5 5. Ng3 Bg6 6. h4 h6 7. Nf3 Nd7 8. h5 Bh7 9. Bd3 Bxd3 10. Qxd3 e6 11. Bd2 Qb6 12. O-O-O Ngf6 13. Ne4 Nxe4 14. Qxe4 Nf6 15. Qe2 Qb5 16. Qxb5 1/2-1/2

[Event "WSTCC-50 2020"]
[Site "Prague"]
[Date "2020.03.10"]
[Round "5.36"]
[White "Chaloupka, Frantisek"]
[Black "Frostick, Helen M"]
[Result "1-0"]
[ECO "C10"]
[WhiteElo "1990"]
[BlackElo "1858"]
[Annotator "ChessBase"]
[PlyCount "67"]
[EventDate "2020.03.06"]
[EventType "team-tourn"]
[EventCountry "CZE"]
[SourceTitle "playchess.com"]
[Source "ChessBase"]
[SourceQuality "1"]
[TimeControl "40/5400+30:1800+30"]

1. e4 e6 2. d4 d5 3. Nd2 dxe4 4. Nxe4 Nd7 5. Nf3 Ngf6 6. Bg5 Be7 7. Nxf6+ Nxf6 8. c3 h6 9. Bxf6 Bxf6 10. Bc4 Qe7 11. O-O O-O 12. Re1 Rd8 13. Qc2 Qd6 14. Rad1 c6 15. a4 a5 16. Ba2 Bd7 17. Bb1 g6 18. Ne5 Bxe5 19. Rxe5 c5 20. Rxc5 b6 21. Re5 Rac8 22. Rde1 Qc6 23. h4 Qxa4 24. Qd3 Qc4 25. Qg3 Kg7 26. h5 g5 27. Rxg5+ hxg5 28. Qxg5+ Kf8 29. Qf6 Bb5 30. Bg6 Rd7 31. h6 Ke8 32. h7 Re7 33. h8=Q+ Kd7 34. Qhh4 1-0

[Event "WSTCC-50 2020"]
[Site "Prague"]
[Date "2020.03.10"]
[Round "5.37"]
[White "Pekarek, Ales"]
[Black "Goldinger, Peter"]
[Result "1-0"]
[ECO "A08"]
[WhiteElo "2274"]
[BlackElo "2052"]
[Annotator "ChessBase"]
[PlyCount "59"]
[EventDate "2020.03.06"]
[EventType "team-tourn"]
[EventCountry "CZE"]
[SourceTitle "playchess.com"]
[Source "ChessBase"]
[SourceQuality "1"]
[TimeControl "40/5400+30:1800+30"]

1. Nf3 d5 2. g3 c5 3. Bg2 Nc6 4. d4 e6 5. O-O Nf6 6. c4 cxd4 7. Nxd4 Be7 8. Nc3 O-O 9. cxd5 exd5 10. Bf4 a6 11. Rc1 Be6 12. Nxe6 fxe6 13. Na4 Re8 14. Be3 Nd7 15. f4 g6 16. Bf2 Nf6 17. Bb6 Qb8 18. Kh1 Bd8 19. Bg1 Na5 20. b3 b5 21. Nc5 Bb6 22. Bd4 Bxc5 23. Rxc5 Nd7 24. Rc1 Qb7 25. Bb2 Qb6 26. e4 Qd6 27. exd5 e5 28. fxe5 Nxe5 29. Qd4 Rad8 30. Rfe1 1-0

[Event "WSTCC-50 2020"]
[Site "Prague"]
[Date "2020.03.10"]
[Round "5.38"]
[White "Klaiss, Thomas"]
[Black "Sorm, Daniel"]
[Result "0-1"]
[ECO "D04"]
[WhiteElo "1991"]
[BlackElo "2328"]
[Annotator "ChessBase"]
[PlyCount "72"]
[EventDate "2020.03.06"]
[EventType "team-tourn"]
[EventCountry "CZE"]
[SourceTitle "playchess.com"]
[Source "ChessBase"]
[SourceQuality "1"]
[TimeControl "40/5400+30:1800+30"]

1. d4 d5 2. Nf3 Nf6 3. e3 c5 4. c3 e6 5. Nbd2 b6 6. Bb5+ Nbd7 7. Ne5 Bd6 8. f4 O-O 9. O-O Ne8 10. Qg4 f5 11. Qh3 Ndf6 12. Ndf3 a5 13. Bd2 Ba6 14. Bxa6 Rxa6 15. Ng5 Qc8 16. Rae1 Ra7 17. Kh1 g6 18. Rd1 c4 19. Ngf3 b5 20. g4 Bxe5 21. Nxe5 Nxg4 22. Nxg4 fxg4 23. Qxg4 Nf6 24. Qg2 Ne4 25. a3 Rg7 26. Be1 Qe8 27. Bh4 Rf5 28. Rf3 Qf8 29. Rdf1 b4 30. cxb4 axb4 31. axb4 Qxb4 32. Be1 Qb3 33. Ba5 Ra7 34. Bc3 Ra2 35. Qh3 Qc2 36. Qh4 Nxc3 0-1

[Event "WSTCC-50 2020"]
[Site "Prague"]
[Date "2020.03.10"]
[Round "5.39"]
[White "Mudrak, Josef"]
[Black "Mueller, Thomas"]
[Result "1-0"]
[ECO "E90"]
[WhiteElo "2213"]
[BlackElo "2025"]
[Annotator "ChessBase"]
[PlyCount "71"]
[EventDate "2020.03.06"]
[EventType "team-tourn"]
[EventCountry "CZE"]
[SourceTitle "playchess.com"]
[Source "ChessBase"]
[SourceQuality "1"]
[TimeControl "40/5400+30:1800+30"]

1. d4 Nf6 2. c4 g6 3. Nc3 Bg7 4. e4 d6 5. Nf3 O-O 6. h3 Nbd7 7. Be3 e5 8. d5 Nc5 9. Qc2 a5 10. g4 Ne8 11. Rg1 Kh8 12. O-O-O Bd7 13. Be2 f5 14. gxf5 gxf5 15. Ng5 Qf6 16. exf5 Bxf5 17. Nge4 Nxe4 18. Nxe4 Qf7 19. Bg4 Bxe4 20. Qxe4 Nf6 21. Qc2 Nxg4 22. hxg4 Qg6 23. Rh1 e4 24. g5 c6 25. Rh4 Rae8 26. Kb1 Kg8 27. Qd2 c5 28. Qxa5 Rxf2 29. Bxf2 e3+ 30. Kc1 Qxg5 31. Be1 e2+ 32. Rd2 Qg1 33. Rc2 Bd4 34. Kb1 b6 35. Qd2 Be3 36. Qxe2 1-0

[Event "WSTCC-50 2020"]
[Site "Prague"]
[Date "2020.03.10"]
[Round "5.40"]
[White "Dieterle-Bard, Bernhard"]
[Black "Vrana, Frantisek"]
[Result "0-1"]
[ECO "A88"]
[WhiteElo "1865"]
[BlackElo "2231"]
[Annotator "ChessBase"]
[PlyCount "46"]
[EventDate "2020.03.06"]
[EventType "team-tourn"]
[EventCountry "CZE"]
[SourceTitle "playchess.com"]
[Source "ChessBase"]
[SourceQuality "1"]
[TimeControl "40/5400+30:1800+30"]

1. d4 f5 2. c4 Nf6 3. Nf3 g6 4. Nc3 Bg7 5. g3 O-O 6. Bg2 d6 7. O-O c6 8. Qc2 Na6 9. a3 Qe8 10. d5 e5 11. dxe6 Bxe6 12. Bf4 Qe7 13. Rad1 Rad8 14. b3 Nc5 15. Nd2 Nh5 16. Be3 f4 17. Bxc5 dxc5 18. e4 Bd4 19. Kh1 fxg3 20. fxg3 Nxg3+ 21. hxg3 Qg7 22. Bf3 Qh6+ 23. Kg2 Qh3# 0-1

[Event "WSTCC-50 2020"]
[Site "Prague"]
[Date "2020.03.10"]
[Round "5.42"]
[White "Berg, Anders Hoyer"]
[Black "Svobodova, Michaela"]
[Result "1-0"]
[ECO "B22"]
[WhiteElo "2036"]
[BlackElo "1988"]
[Annotator "ChessBase"]
[PlyCount "75"]
[EventDate "2020.03.06"]
[EventType "team-tourn"]
[EventCountry "CZE"]
[SourceTitle "playchess.com"]
[Source "ChessBase"]
[SourceQuality "1"]
[TimeControl "40/5400+30:1800+30"]

1. e4 c5 2. c3 d5 3. exd5 Qxd5 4. d4 g6 5. Nf3 Bg7 6. dxc5 Qxc5 7. Be3 Qc7 8. Be2 Nf6 9. O-O O-O 10. Na3 a6 11. Nc4 Nbd7 12. a4 b6 13. a5 bxa5 14. Nxa5 Rb8 15. Qc1 Nd5 16. Bg5 Nc5 17. Rd1 e6 18. Qc2 Nf4 19. Bxf4 Qxf4 20. Nc6 Rb7 21. b4 Rc7 22. Ncd4 Nd7 23. Bxa6 Bxa6 24. Rxa6 e5 25. Nb5 Rb7 26. Nd6 Rc7 27. Nb5 Rb7 28. Qd2 Qc4 29. Nd6 Qxa6 30. Nxb7 Qxb7 31. Qxd7 Qxd7 32. Rxd7 Rc8 33. Kf1 f6 34. b5 Rxc3 35. b6 Rb3 36. b7 Bf8 37. Nd2 Rb4 38. Ne4 1-0

[Event "WSTCC-50 2020"]
[Site "Prague"]
[Date "2020.03.10"]
[Round "5.43"]
[White "Cejkova, Miroslava"]
[Black "Johnsen, Sylvia"]
[Result "1/2-1/2"]
[ECO "C54"]
[WhiteElo "1998"]
[BlackElo "1853"]
[Annotator "ChessBase"]
[PlyCount "81"]
[EventDate "2020.03.06"]
[EventType "team-tourn"]
[EventCountry "CZE"]
[SourceTitle "playchess.com"]
[Source "ChessBase"]
[SourceQuality "1"]
[TimeControl "40/5400+30:1800+30"]

1. e4 e5 2. Nf3 Nc6 3. Bc4 Bc5 4. c3 Nf6 5. d3 O-O 6. O-O d5 7. exd5 Nxd5 8. Re1 Nb6 9. Bb3 a5 10. a4 Bg4 11. h3 Bh5 12. Qe2 Kh8 13. Nbd2 f6 14. Ne4 Nd7 15. Be3 Ba7 16. Bxa7 Rxa7 17. Ng3 Bg6 18. Nh4 Bf7 19. Bxf7 Rxf7 20. Qh5 Kg8 21. Ngf5 Ne7 22. d4 b6 23. Rad1 Qf8 24. Qg4 Nxf5 25. Nxf5 Kh8 26. Qh4 Ra8 27. f4 Re8 28. g4 e4 29. Ne3 Qd6 30. Qf2 Qc6 31. Qc2 g6 32. f5 Qd6 33. Qf2 c6 34. Re2 b5 35. axb5 cxb5 36. Ra1 a4 37. Qh2 Qc6 38. Qf4 Nb6 39. Rae1 g5 40. Qg3 Nd5 41. Nxd5 1/2-1/2

[Event "WSTCC-50 2020"]
[Site "Prague"]
[Date "2020.03.10"]
[Round "5.44"]
[White "Harstad, Christian"]
[Black "Taborska, Veronika"]
[Result "0-1"]
[ECO "D45"]
[WhiteElo "1854"]
[BlackElo "1995"]
[Annotator "ChessBase"]
[PlyCount "40"]
[EventDate "2020.03.06"]
[EventType "team-tourn"]
[EventCountry "CZE"]
[SourceTitle "playchess.com"]
[Source "ChessBase"]
[SourceQuality "1"]
[TimeControl "40/5400+30:1800+30"]

1. d4 d5 2. c4 e6 3. Nc3 c6 4. e3 Nf6 5. Nf3 Bd6 6. Qc2 Nbd7 7. g4 dxc4 8. g5 Nd5 9. Bxc4 N7b6 10. Be2 Qe7 11. Bd2 Nxc3 12. Bxc3 Nd5 13. O-O-O Bd7 14. h4 Nxc3 15. Qxc3 O-O-O 16. Kb1 Kb8 17. Rc1 f6 18. Nd2 e5 19. Nc4 exd4 20. Qxd4 Bf5+ 0-1

[Event "WSTCC-50 2020"]
[Site "Prague"]
[Date "2020.03.10"]
[Round "5.45"]
[White "Schweitzer, Andreas"]
[Black "Frostick, Clive A"]
[Result "1/2-1/2"]
[ECO "B40"]
[WhiteElo "2290"]
[BlackElo "2082"]
[Annotator "ChessBase"]
[PlyCount "46"]
[EventDate "2020.03.06"]
[EventType "team-tourn"]
[EventCountry "CZE"]
[SourceTitle "playchess.com"]
[Source "ChessBase"]
[SourceQuality "1"]
[TimeControl "40/5400+30:1800+30"]

1. e4 c5 2. Nf3 e6 3. d4 cxd4 4. Nxd4 Nf6 5. Nc3 Nc6 6. Ndb5 Bb4 7. a3 Bxc3+ 8. Nxc3 d5 9. exd5 exd5 10. Bd3 O-O 11. O-O h6 12. h3 d4 13. Ne2 Qd5 14. Nf4 Qd6 15. Nh5 Qe5 16. Nxf6+ Qxf6 17. Re1 Bd7 18. Be4 Rfe8 19. Bd2 Bf5 20. Bxf5 Qxf5 21. c3 Rad8 22. Rxe8+ Rxe8 23. cxd4 Nxd4 1/2-1/2

[Event "WSTCC-50 2020"]
[Site "Prague"]
[Date "2020.03.10"]
[Round "5.46"]
[White "Fraser-Mitchell, Jeremy N"]
[Black "Schulenburg, Bernd"]
[Result "1/2-1/2"]
[ECO "E20"]
[WhiteElo "2059"]
[BlackElo "2175"]
[Annotator "ChessBase"]
[PlyCount "81"]
[EventDate "2020.03.06"]
[EventType "team-tourn"]
[EventCountry "CZE"]
[SourceTitle "playchess.com"]
[Source "ChessBase"]
[SourceQuality "1"]
[TimeControl "40/5400+30:1800+30"]

1. d4 Nf6 2. c4 e6 3. Nc3 Bb4 4. f3 c5 5. d5 d6 6. e4 exd5 7. cxd5 O-O 8. Bd3 b5 9. Nge2 a6 10. O-O Nbd7 11. Be3 Re8 12. Bf2 Ne5 13. a3 Ba5 14. b4 Nxd3 15. Qxd3 cxb4 16. axb4 Bxb4 17. Nxb5 a5 18. Nbd4 Ba6 19. Qb3 Qd7 20. Rfc1 Rec8 21. Be3 Qe8 22. Kf2 Bxe2 23. Kxe2 Rxc1 24. Rxc1 Bc5 25. Nc6 a4 26. Qa2 Nd7 27. Bf4 f6 28. Rb1 Kf7 29. Nb4 Ne5 30. Nd3 Nxd3 31. Kxd3 Qc8 32. Qc4 a3 33. Ra1 Qb7 34. Bc1 Ra5 35. Kc2 Rb5 36. Ra2 Qb6 37. Qa4 Rb4 38. Qd7+ Kf8 39. Qc8+ Ke7 40. Qe6+ Kf8 41. Qc8+ 1/2-1/2

[Event "WSTCC-50 2020"]
[Site "Prague"]
[Date "2020.03.10"]
[Round "5.47"]
[White "Berndt, Matthias"]
[Black "Thurstan, Tim M"]
[Result "0-1"]
[ECO "C00"]
[WhiteElo "2098"]
[BlackElo "1987"]
[Annotator "ChessBase"]
[PlyCount "72"]
[EventDate "2020.03.06"]
[EventType "team-tourn"]
[EventCountry "CZE"]
[SourceTitle "playchess.com"]
[Source "ChessBase"]
[SourceQuality "1"]
[TimeControl "40/5400+30:1800+30"]

1. e4 e6 2. d3 d5 3. Nd2 Nf6 4. Ngf3 c5 5. g3 Be7 6. Bg2 b5 7. O-O Nc6 8. exd5 exd5 9. d4 c4 10. Ne5 Bb7 11. Ndf3 O-O 12. c3 Rc8 13. h4 Ne4 14. Bh3 f5 15. Bf4 a5 16. a3 Ra8 17. Ne1 b4 18. Nxc6 Bxc6 19. axb4 axb4 20. cxb4 Bxb4 21. Nc2 Ba4 22. Bxf5 Rxf5 23. Rxa4 Rxa4 24. Ne3 Ra2 25. Nxf5 Rxb2 26. Qg4 Qf8 27. Be5 Nf6 28. Qf3 Rb3 29. Qf4 Ba3 30. Ra1 c3 31. Kg2 c2 32. Rxa3 Qxa3 33. Qg5 Qf8 34. Bd6 Ne4 35. Ne7+ Kh8 36. Ng6+ Kg8 0-1

[Event "WSTCC-50 2020"]
[Site "Prague"]
[Date "2020.03.10"]
[Round "5.48"]
[White "Lawrence, Paul"]
[Black "Haentsch, Ralf"]
[Result "1/2-1/2"]
[ECO "A22"]
[WhiteElo "1894"]
[BlackElo "2087"]
[Annotator "ChessBase"]
[PlyCount "39"]
[EventDate "2020.03.06"]
[EventType "team-tourn"]
[EventCountry "CZE"]
[SourceTitle "playchess.com"]
[Source "ChessBase"]
[SourceQuality "1"]
[TimeControl "40/5400+30:1800+30"]

1. c4 e5 2. Nc3 Nf6 3. g3 Bb4 4. Bg2 Bxc3 5. bxc3 d6 6. Rb1 Nc6 7. Nf3 O-O 8. d3 Rb8 9. O-O h6 10. Qc2 Be6 11. Rd1 Qc8 12. Ba3 b6 13. e4 Re8 14. Qa4 Bd7 15. Qc2 a5 16. Re1 Be6 17. Qa4 Bd7 18. Qc2 Qa6 19. Rbd1 Rbd8 20. Nd2 1/2-1/2

[Event "WSTCC-50 2020"]
[Site "Prague"]
[Date "2020.03.11"]
[Round "6.39"]
[White "Thurstan, Tim M"]
[Black "Zimmermann, Rolf"]
[Result "1/2-1/2"]
[ECO "A03"]
[WhiteElo "1987"]
[BlackElo "2090"]
[Annotator "ChessBase"]
[PlyCount "59"]
[EventDate "2020.03.06"]
[EventType "team-tourn"]
[EventCountry "CZE"]
[SourceTitle "playchess.com"]
[Source "ChessBase"]
[SourceQuality "1"]
[TimeControl "40/5400+30:1800+30"]

1. f4 d5 2. Nf3 c5 3. g3 Nc6 4. Bg2 Nf6 5. d3 g6 6. O-O Bg7 7. c3 O-O 8. Na3 b6 9. Qa4 Bd7 10. e4 e6 11. Qc2 Ne8 12. Be3 Rc8 13. Qd2 Nd6 14. e5 Nf5 15. Bf2 a6 16. g4 Nfe7 17. Nc2 f6 18. Rae1 fxe5 19. fxe5 Qc7 20. Bg3 h6 21. Rf2 Rce8 22. d4 c4 23. Ne3 Rf7 24. Qc2 Ref8 25. Ref1 Be8 26. g5 h5 27. Bh3 Qd7 28. Nh4 Rxf2 29. Rxf2 Rxf2 30. Kxf2 1/2-1/2

[Event "WSTCC-50 2020"]
[Site "Prague"]
[Date "2020.03.11"]
[Round "6.40"]
[White "Hoehn, Michael"]
[Black "Lawrence, Paul"]
[Result "0-1"]
[ECO "E65"]
[WhiteElo "2036"]
[BlackElo "1894"]
[Annotator "ChessBase"]
[PlyCount "68"]
[EventDate "2020.03.06"]
[EventType "team-tourn"]
[EventCountry "CZE"]
[SourceTitle "playchess.com"]
[Source "ChessBase"]
[SourceQuality "1"]
[TimeControl "40/5400+30:1800+30"]

1. Nf3 Nf6 2. d4 g6 3. g3 Bg7 4. Bg2 O-O 5. O-O d6 6. c4 c5 7. Nc3 Nbd7 8. e4 cxd4 9. Nxd4 Ne5 10. b3 Bg4 11. f3 Bd7 12. Kh1 a6 13. Be3 h5 14. f4 Nfg4 15. Bg1 Nc6 16. h3 Nxd4 17. Bxd4 e5 18. hxg4 exd4 19. Nd5 Bxg4 20. Qd3 Re8 21. Rf2 f5 22. Re1 Rc8 23. Qd2 h4 24. Kh2 b5 25. exf5 gxf5 26. Rff1 bxc4 27. Rxe8+ Qxe8 28. Re1 Qd8 29. Re7 c3 30. Qe1 c2 31. Qe6+ Kh8 32. Nf6 hxg3+ 33. Kxg3 c1=Q 34. Kh4 Qxf4 0-1

[Event "WSTCC-50 2020"]
[Site "Prague"]
[Date "2020.03.11"]
[Round "6.47"]
[White "Scheckenbach, Franz"]
[Black "Sura, Jaroslav"]
[Result "1/2-1/2"]
[ECO "C55"]
[WhiteElo "2101"]
[BlackElo "2013"]
[Annotator "ChessBase"]
[PlyCount "22"]
[EventDate "2020.03.06"]
[EventType "team-tourn"]
[EventCountry "CZE"]
[SourceTitle "playchess.com"]
[Source "ChessBase"]
[SourceQuality "1"]
[TimeControl "40/5400+30:1800+30"]

1. e4 e5 2. Nf3 Nc6 3. Bc4 Nf6 4. d3 h6 5. c3 d6 6. Nbd2 g5 7. h3 Bg7 8. Bb3 Ne7 9. Nf1 Ng6 10. g3 c6 11. h4 g4 1/2-1/2

[Event "WSTCC-50 2020"]
[Site "Prague"]
[Date "2020.03.11"]
[Round "6.48"]
[White "Ruzicka, Tomas"]
[Black "Arndt, Olaf"]
[Result "0-1"]
[ECO "B01"]
[WhiteElo "1748"]
[BlackElo "1887"]
[Annotator "NA"]
[PlyCount "74"]
[EventDate "2020.03.06"]
[EventType "team-tourn"]
[EventCountry "CZE"]
[SourceTitle "playchess.com"]
[Source "ChessBase"]
[SourceQuality "1"]
[TimeControl "40/5400+30:1800+30"]

1. e4 d5 2. e5 c5 3. f4 Nc6 4. Nf3 Nh6 5. Be2 Nf5 6. O-O Nfd4 7. c3 Nxe2+ 8. Qxe2 Qb6 9. d3 Bf5 10. b3 (10. Be3 $11) 10... c4+ 11. Qf2 ({Better is} 11. Be3 $1 $15 cxd3 12. Qf2) 11... Qxf2+ 12. Rxf2 Bxd3 13. Ba3 e6 14. Bxf8 Rxf8 15. Na3 cxb3 16. axb3 Ke7 $17 17. Rd1 Ba6 18. Nd2 b6 19. b4 Bd3 20. Nb3 Bc4 21. Nd2 b5 22. Ndxc4 bxc4 23. Nb5 a5 24. bxa5 Rxa5 25. Nd6 Rb8 26. g3 Ra3 27. Rc1 f6 28. Re1 Rxc3 29. Ree2 fxe5 30. fxe5 Nxe5 31. Nf5+ exf5 32. Rxe5+ Kd6 33. Rexf5 Rd3 34. Rf7 c3 35. Rxg7 Rd2 36. Rf6+ Ke5 37. Rgf7 Rb1+ 0-1

[Event "WSTCC-50 2020"]
[Site "Prague"]
[Date "2020.03.12"]
[Round "7.17"]
[White "Pekarek, Ales"]
[Black "Pieper, Thomas"]
[Result "1/2-1/2"]
[ECO "D78"]
[WhiteElo "2274"]
[BlackElo "2258"]
[Annotator "ChessBase"]
[PlyCount "83"]
[EventDate "2020.03.06"]
[EventType "team-tourn"]
[EventCountry "CZE"]
[SourceTitle "playchess.com"]
[Source "ChessBase"]
[SourceQuality "1"]
[TimeControl "40/5400+30:1800+30"]

1. d4 d5 2. Nf3 Nf6 3. g3 g6 4. Bg2 Bg7 5. c4 c6 6. O-O O-O 7. Qb3 dxc4 8. Qxc4 Nbd7 9. Nc3 Qa5 10. Re1 Qh5 11. h3 Nb6 12. Qc5 Qxc5 13. dxc5 Nbd5 14. Bd2 Nb4 15. Rec1 Na6 16. Na4 h6 17. Bc3 Be6 18. b4 Nc7 19. Be5 Nb5 20. Nb2 Na3 21. Nd4 Bd5 22. f3 a5 23. e4 axb4 24. exd5 Nxd5 25. Bxg7 Kxg7 26. Re1 Rfd8 27. Rac1 Nc3 28. Nb3 Nxa2 29. Rcd1 Kf6 30. Rxd8 Rxd8 31. Bf1 Nc2 32. Rd1 Rxd1 33. Nxd1 Nc3 34. Nb2 e5 35. Nc4 Nd4 36. Ncd2 Nxb3 37. Nxb3 Na4 38. Kf2 b6 39. cxb6 Nxb6 40. Nc5 Ke7 41. Ke3 f5 42. Nd3 1/2-1/2

[Event "WSTCC-50 2020"]
[Site "Prague"]
[Date "2020.03.12"]
[Round "7.19"]
[White "Pastircak, Milan"]
[Black "Scheckenbach, Franz"]
[Result "1-0"]
[ECO "A05"]
[WhiteElo "2277"]
[BlackElo "2101"]
[Annotator "ChessBase"]
[PlyCount "91"]
[EventDate "2020.03.06"]
[EventType "team-tourn"]
[EventCountry "CZE"]
[SourceTitle "playchess.com"]
[Source "ChessBase"]
[SourceQuality "1"]
[TimeControl "40/5400+30:1800+30"]

1. Nf3 Nf6 2. g3 g6 3. b3 Bg7 4. Bb2 O-O 5. Bg2 c5 6. c4 d5 7. cxd5 Nxd5 8. Bxg7 Kxg7 9. O-O Nc6 10. d4 cxd4 11. Nxd4 e5 12. Nxc6 bxc6 13. Qc2 Qb6 14. Nc3 Nb4 15. Qb2 Be6 16. Rfd1 Rad8 17. a3 Na6 18. b4 f6 19. Qc2 Nb8 20. Bf3 Rxd1+ 21. Rxd1 Rd8 22. Na4 Rxd1+ 23. Qxd1 Qd4 24. Qxd4 exd4 25. Nc5 Bc4 26. Kf1 f5 27. Bg2 Kf6 28. f4 Ke7 29. Ke1 Kd6 30. Kd2 Kc7 31. e3 dxe3+ 32. Kxe3 Kd6 33. Kd4 Bf7 34. Bf3 h6 35. h4 Be8 36. Be2 Nd7 37. Nxd7 Bxd7 38. h5 Be8 39. Bd3 a5 40. bxa5 c5+ 41. Kc3 Kd5 42. hxg6 Bxg6 43. a6 Kc6 44. a7 Kb7 45. Kc4 Kxa7 46. Kxc5 1-0